 Dungeon Crawl Stone Soup version 0.30-a0-916-g98134172ad (webtiles) character file.

Game seed: 9751831653203950205

15600 112233 the Summoner (level 12, 0/84 HPs)
             Began as an Octopode Summoner on Mar 20, 2023.
             Was an Initiate of Gozag.
             Slain by a two-headed ogre
             ... wielding a +0 giant club
              (12 damage)
             ... on level 12 of the Dungeon.
             The game lasted 00:25:09 (15497 turns).

112233 the Summoner (Octopode Summoner)            Turns: 15497, Time: 00:25:09

Health: 0/84       AC:  1    Str:  9    XL:     12   Next: 28%
Magic:  16/24      EV: 15    Int: 23    God:    Gozag
Gold:   1770       SH:  0    Dex:  9    Spells: 7/28 levels left

rFire   . . .      SeeInvis +    s - +5 short sword of Sudden Death {drain, Str+2}
rCold   + + .      Faith    .    (no shield)
rNeg    . . .      Spirit   .    (helmet restricted)
rPois   .          Reflect  .    c - amulet of magic regeneration
rElec   .          Rampage  .    u - +4 ring of slaying
rCorr   .                        x - ring of Ascent {Wiz +Blink rC+ Int+2 Dex-5}
Will    .....                    z - ring of flight
Stlth   +++                      F - ring of protection from cold
HPRegen 0.34/turn                M - ring of see invisible
MPRegen 0.59/turn                (no ring)
                                 (no ring)
                                 (no ring)

@: flying
A: almost no armour, amphibious, 8 rings, camouflage 1, gelatinous body 1,
(nimble swimmer 1), tentacles
a: Renounce Religion, Evoke Blink, Potion Petition, Call Merchant, Bribe Branch


You were on level 12 of the Dungeon.
You worshipped Gozag.
Gozag was most pleased with you.
You visited 2 branches of the dungeon, and saw 13 of its levels.
You also visited: Bailey.

You collected 2339 gold pieces.
You spent 515 gold pieces at shops.
You paid 54 gold pieces to Gozag.

Inventory:

Hand Weapons
 h - a +0 whip
 s - the +5 short sword of Sudden Death (weapon) {drain, Str+2}
   (You found it on level 3 of the Dungeon)

   Str:       It affects your strength (+2).
 J - the +0 hand axe of Gin and Tonic {drain, *Noise Will+++ Int+2 Dex+5}
   (You found it on level 9 of the Dungeon)

   Int:       It affects your intelligence (+2).
   Dex:       It affects your dexterity (+5).
   *Noise:    It may make noises in combat.
   Will:      It greatly increases your willpower.
Missiles
 d - 26 poisoned darts
Armour
 f - a +0 kite shield
 R - an orb of light
Magical Staves
 N - a staff of cold
Jewellery
 c - an amulet of magic regeneration (around mantle)
 u - a +4 ring of slaying (left tentacle)
 x - the ring of Ascent (right tentacle) {Wiz +Blink rC+ Int+2 Dex-5}
   (You took it off Blork the orc on level 5 of the Dungeon)

   [ring of wizardry]

   It improves your spell success rate.
   Int:       It affects your intelligence (+2).
   Dex:       It affects your dexterity (-5).
   rC:        It protects you from cold.
   +Blink:    It lets you blink.
 z - a ring of flight (on tentacle)
 F - a ring of protection from cold (on tentacle)
 H - a ring of ice
 M - a ring of see invisible (on tentacle)
Wands
 v - a wand of flame (41)
 B - a wand of charming (6)
 C - a wand of light (6)
 Q - a wand of iceblast (15)
Scrolls
 e - a scroll of torment
 g - 3 scrolls of noise
 j - 4 scrolls of fear
 k - 10 scrolls of teleportation
 l - 3 scrolls of magic mapping {unknown}
 p - a scroll of immolation {unknown}
 q - 3 scrolls of poison
 y - 2 scrolls of vulnerability {unknown}
 A - a scroll of enchant weapon {unknown}
 E - 2 scrolls of blinking {unknown}
 G - 2 scrolls of enchant armour
 I - a scroll of fog {unknown}
 K - a scroll of amnesia {unknown}
 L - a scroll of brand weapon {unknown}
 U - 2 scrolls of identify
Potions
 a - 2 potions of magic
 b - 3 potions of invisibility {unknown}
 i - 6 potions of degeneration
 m - 2 potions of might {unknown}
 n - 3 potions of lignification {unknown}
 o - 6 potions of attraction
 r - 7 potions of heal wounds {unknown}
 t - 3 potions of brilliance {unknown}
 w - 4 potions of flight
 D - a potion of ambrosia {unknown}
 O - a potion of cancellation {unknown}
 P - 2 potions of mutation {unknown}
 T - 2 potions of curing
Miscellaneous
 S - a box of beasts


   Skills:
 + Level 8.5 Fighting
 + Level 9.5 Dodging
 - Level 3.0 Stealth
 + Level 8.0 Shields
 + Level 8.7 Spellcasting
 + Level 10.1 Summonings


You had 7 spell levels left.
You knew the following spells:

 Your Spells              Type           Power      Damage    Failure   Level
a - Summon Ice Beast      Ice/Summ       33%        N/A       3%          4
b - Call Imp              Summ           54%        N/A       1%          2
c - Call Canine Familiar  Summ           54%        N/A       1%          3
d - Summon Guardian Gole  Hex/Summ       33%        N/A       1%          3
e - Summon Lightning Spi  Summ/Air       33%        N/A       3%          4
f - Mephitic Cloud        Conj/Pois/Air  10%        N/A       8%          3
g - Apportation           Tloc           20%        N/A       2%          1
h - Summon Small Mammal   Summ           100%       N/A       1%          1

Your spell library contained the following spells:

 Spells                   Type           Power      Damage    Failure   Level
 Cigotuvi's Dreadful Rot  Necr/Pois/Air  20%        N/A       4%          2
 Poisonous Vapours        Pois/Air       20%        N/A       4%          2
 Frozen Ramparts          Ice            20%        1d4       8%          3
 Ozocubu's Armour         Ice            10%        N/A       8%          3
 Stone Arrow              Conj/Erth      20%        3d8       8%          3
 Airstrike                Air            5%         2d(1-17)  26%         4
 Plasma Beam              Fire/Air       5%         2x1d17    54%         5
 Haunt                    Necr/Summ      16%        N/A       92%         7
 Spellforged Servitor     Conj/Summ      16%        N/A       92%         7
 Orb of Destruction       Conj           5%         9d5       100%        7
 Ozocubu's Refrigeration  Ice            5%         4d8       100%        7
 Infestation              Necr           5%         N/A       100%        8
 Lehudib's Crystal Spear  Conj/Erth      5%         10d3      100%        8
 Animate Armour           Summ/Erth      Unusable   N/A       N/A         4
 Animate Dead             Necr           Unusable   N/A       N/A         4

Dungeon Overview and Level Annotations

Branches:
Dungeon (12/15)            Temple (1/1) D:4            Lair (0/5) D:10
 Bailey (visited)
    Orc: D:9-12

Altars:
Ashenzari
Cheibriados
Dithmenos
Elyvilon
Fedhas
Gozag
Hepliaklqana
Kikubaaqudgha
Makhleb
Nemelex Xobeh
Okawaru
Qazlal
Ru
Sif Muna
Trog
Uskayaw
Vehumet
Wu Jian
Xom
Yredelemnul
Zin
The Shining One

Shops:
D:7 *   D:10 *

Annotations:
D:3 exclusion: downstairs
D:10 2 transporters, mertasd123's ghost, journeyman OgTm


Innate Abilities, Weirdness & Mutations

You cannot wear most types of armour.
You are amphibious.
You can wear up to eight rings at the same time.
Your skin changes colour to match your surroundings (Stealth+).
Your rubbery body absorbs attacks. (AC +1, EV +1)
((You are camouflaged when in or above water. (Stealth+)))
You have tentacles for arms and can constrict up to eight enemies at once.


Message History

You puncture the two-headed ogre!
The two-headed ogre is lightly wounded.
Your wolf barely misses the two-headed ogre.
The two-headed ogre hits you with a +0 giant club!! x2
A two-headed ogre is nearby!
A two-headed ogre is nearby!
A two-headed ogre is nearby!
Unknown command.
Your wolf bites the two-headed ogre. x2
Unknown command.
Casting: Call Canine Familiar (safe; 1% risk of failure)
Confirm with . or Enter, or press ? or * to list all spells.
A chill wind blows around you.
Your wolf bites the two-headed ogre.
The two-headed ogre hits your wolf with a +0 giant club!!
Your wolf dies!
Your wolf's corpse disappears in a puff of smoke!
Unknown command.
The two-headed ogre closely misses your ice beast.
The two-headed ogre hits your ice beast with a +0 giant club!!
Your ice beast hits the two-headed ogre but does no damage.
Casting: Summon Ice Beast (dangerous; 3% risk of failure)
Confirm with . or Enter, or press ? or * to list all spells.
A guardian golem appears, shielding your allies.
Your ice beast hits the two-headed ogre.
Your ice beast freezes the two-headed ogre!
Unknown command.
Unknown command.
Casting: Summon Guardian Golem (safe; 1% risk of failure)
Confirm with . or Enter, or press ? or * to list all spells.
A chill wind blows around you.
Your ice beast disappears in a puff of smoke!
Unknown command.
Your ice beast hits the two-headed ogre.
Your ice beast freezes the two-headed ogre.
The two-headed ogre attacks as you move away!
The two-headed ogre hits you with a +0 giant club!!
* * * LOW HITPOINT WARNING * * *
The two-headed ogre hits you with a +0 giant club!
You die...
Your body crumbles into a pile of gold.

######## .......#
###....# ###############
#....# #..............
#....# #..............
#....###......@Y......
#............9O.......
#.................####
#.....#####.......'..
........#...'..?....#...
........#...#.......# ..
........#...#.......# .
........#.. #.......#
........#.. #..###..#


You could see a two-headed ogre (ally target), a friendly guardian golem
(summoned) and a friendly ice beast (summoned, sheltered).

Vanquished Creatures
  3 unseen horrors
  A wraith (D:11)
  3 yaks (D:10)
  A vampire mosquito (D:10)
  Eustachio (D:5)
  A sky beast (D:8)
  An ogre (D:7)
  A kobold brigand (D:9)
  A phantom (D:6)
  2 bullfrogs
  A wight (D:9)
  A killer bee (D:10)
  2 howler monkeys (D:10)
  2 hounds
  A jelly (D:5)
  Ijyb (D:5)
  An iguana (D:5)
  An orc wizard (D:11)
  4 adders (D:5)
  A gnoll (D:4)
  An ufetubus (D:5)
  A dart slug (D:3)
  6 orcs
  2 bats
  A hobgoblin (D:3)
  A quokka (D:2)
  A ball python (D:4)
  A frilled lizard (D:3)
  A kobold (D:10)
45 creatures vanquished.

Vanquished Creatures (collateral kills)
  An ogre mage (D:10)
  A centaur warrior (D:9)
  2 two-headed ogres
  An orc knight (Bailey)
  2 ugly things (D:9)
  A cyclops (D:9)
  Maggie (D:6)
  A komodo dragon (D:9)
  3 hornets (D:10)
  A wraith (D:9)
  A wyvern (D:11)
  A basilisk (D:11)
  7 yaks
  A steam dragon (D:8)
  3 vampire mosquitoes (D:10)
  2 acid dragons
  A floating eye (D:10)
  2 ice beasts
  A black bear (D:8)
  6 orc warriors
  2 ogres
  2 centaurs (D:6)
  A lemure (D:6)
  2 bullfrogs
  3 kobold brigands
  Blork the orc (D:5)
  A scorpion (D:7)
  7 wights
  10 killer bees
  2 hounds
  4 orc priests
  A sleepcap (D:5)
  An iguana (D:5)
  7 orc wizards
  10 gnolls
  5 adders
  2 worms
  2 dart slugs
  45 orcs
  6 bats
  8 endoplasms
  2 giant cockroaches (D:2)
  5 goblins
  4 hobgoblins
  3 jackals (D:4)
  4 quokkas
  2 ball pythons (D:1)
  5 frilled lizards
  28 kobolds
  3 rats
217 creatures vanquished.

Vanquished Creatures (others)
  A two-headed ogre (D:8)
  Pikel (D:6)
  A cyclops (D:11)
  A wyvern (D:5)
  A water moccasin (D:6)
  An orc warrior (Bailey)
  An ice beast (D:6)
  2 ogres
  2 centaurs
  A lemure (D:6)
  2 scorpions (D:6)
  6 wights
  2 killer bees (D:9)
  An iguana (D:5)
  2 orc wizards
  A nameless horror (D:6)
  A gnoll (D:5)
  A white imp (D:5)
  2 orcs
  5 plants (D:1)
35 creatures vanquished.

Grand Total: 297 creatures vanquished

Notes
Turn   | Place    | Note
-------+----------+-------------------------------------------
     0 | D:1      | 112233 the Octopode Summoner began the quest for the Orb.
     0 | D:1      | Reached XP level 1. HP: 11/11 MP: 3/3
   167 | D:1      | Reached XP level 2. HP: 14/17 MP: 0/5
   343 | D:1      | Learned a level 2 spell: Call Imp
   729 | D:1      | Reached XP level 3. HP: 19/21 MP: 2/6
  2230 | D:2      | You fall into a shaft and drop 2 floors!
  2240 | D:4      | Identified the +0 dagger "Elyuts" {heavy, rPois rC+ Dex+2}
  2659 | D:3      | Reached XP level 4. HP: 21/27 MP: 3/8
  2866 | D:3      | Identified the +5 short sword of Sudden Death {drain,
                  | Str+2}
  4066 | D:3      | Learned a level 3 spell: Call Canine Familiar
  4280 | D:4      | Reached XP level 5. HP: 31/31 MP: 7/9
  4459 | D:4      | Reached skill level 5 in Summonings
  4465 | D:4      | Found a staircase to the Ecumenical Temple.
  4565 | Temple   | Entered the Ecumenical Temple
  4793 | Temple   | Became a worshipper of Gozag Ym Sagoz the Greedy
  4902 | D:4      | Reached XP level 6. HP: 29/36 MP: 8/11
  5395 | D:5      | Entered Level 5 of the Dungeon
  5403 | D:4      | Learned a level 3 spell: Summon Guardian Golem
  5547 | D:5      | Reached skill level 1 in Fighting
  5632 | D:5      | Noticed Ijyb
  5641 | D:5      | Killed Ijyb
  5798 | D:5      | Reached XP level 7. HP: 44/44 MP: 9/13
  5989 | D:5      | Noticed a wyvern
  6008 | D:5      | Killed a wyvern
  6132 | D:5      | Reached skill level 6 in Summonings
  6184 | D:5      | Identified the ring of Ascent {Wiz +Blink rC+ Int+2 Dex-5}
  6184 | D:5      | Noticed Blork the orc
  6199 | D:5      | Killed Blork the orc
  6377 | D:5      | Reached skill level 5 in Dodging
  6377 | D:5      | Reached skill level 1 in Shields
  6377 | D:5      | Reached XP level 8. HP: 51/51 MP: 8/15
  6592 | D:5      | Noticed Eustachio
  6938 | D:5      | Killed Eustachio
  7443 | D:6      | Reached skill level 5 in Spellcasting
  7790 | D:6      | Reached XP level 9. HP: 58/58 MP: 15/17
  7825 | D:6      | Reached skill level 7 in Summonings
  8049 | D:6      | Noticed Maggie
  8050 | D:6      | Noticed Pikel
  8073 | D:6      | Killed Pikel
  8275 | D:7      | Found Utoel's Assorted Antiques.
  8278 | D:7      | Bought a scroll labelled YRUNUNT NUNT for 33 gold pieces
  8278 | D:7      | Bought a glass wand for 132 gold pieces
  8278 | D:7      | Bought a scroll labelled YRUNUNT NUNT for 33 gold pieces
  8278 | D:7      | Bought a scroll labelled ROLEDA TUGAJU for 33 gold pieces
  8286 | D:7      | Learned a level 4 spell: Summon Lightning Spire
  8290 | D:7      | Learned a level 3 spell: Mephitic Cloud
  8325 | D:7      | Reached skill level 5 in Fighting
  9077 | D:8      | Noticed a two-headed ogre
  9077 | D:8      | Found a flagged portal.
  9081 | D:8      | Noticed a two-headed ogre
  9083 | D:8      | Killed a two-headed ogre
  9084 | D:8      | Reached XP level 10. HP: 67/67 MP: 8/19
  9096 | D:8      | Killed a two-headed ogre
  9097 | D:8      | Reached skill level 5 in Shields
  9097 | D:8      | Reached skill level 8 in Summonings
  9102 | Bailey   | Entered a bailey
  9315 | Bailey   | Noticed an orc knight
  9658 | Bailey   | Killed an orc knight
  9745 | Bailey   | Got the Grimoire of Congelation and Transposition
  9748 | Bailey   | Learned a level 1 spell: Apportation
  9753 | Bailey   | Learned a level 4 spell: Summon Ice Beast
 10073 | D:8      | Found a blossoming altar of Fedhas.
 10103 | D:8      | Found a glowing silver altar of Zin.
 10303 | D:8      | Found a bloodstained altar of Trog.
 10694 | D:9      | Reached XP level 11. HP: 66/74 MP: 17/22
 10840 | D:9      | Found an iron altar of Okawaru.
 11004 | D:9      | Identified the +0 hand axe of Gin and Tonic {drain, *Noise
                  | Will+++ Int+2 Dex+5}
 11430 | D:9      | Reached skill level 9 in Summonings
 11522 | D:9      | Noticed a centaur warrior
 11864 | D:9      | Killed a centaur warrior
 11968 | D:9      | Noticed a white ugly thing
 11970 | D:9      | Noticed a green ugly thing
 11998 | D:9      | Killed a cyan ugly thing
 12003 | D:9      | Killed a cyan ugly thing
 12134 | D:9      | Noticed a cyclops
 12152 | D:9      | Killed a cyclops
 12264 | D:10     | Entered Level 10 of the Dungeon
 12538 | D:10     | Found a transporter.
 12538 | D:10     | Noticed a four-headed hydra
 12539 | D:10     | Noticed a catoblepas
 12539 | D:10     | Noticed a moth of wrath
 12540 | D:10     | Noticed mertasd123's ghost (journeyman OgTm)
 12583 | D:10     | Found a transporter.
 12915 | D:10     | Found a staircase to the Lair.
 13108 | D:10     | Found Duosurph's Assorted Antiques.
 13119 | D:10     | Bought a scroll of identify for 64 gold pieces
 13119 | D:10     | Bought a wooden wand for 128 gold pieces
 13119 | D:10     | Bought a scroll of identify for 64 gold pieces
 13223 | D:10     | Paralysed by a floating eye for 2 turns
 13227 | D:10     | Paralysed by a floating eye for 3 turns
 13461 | D:10     | Noticed an ogre mage
 13476 | D:10     | Killed an ogre mage
 13477 | D:10     | Reached XP level 12. HP: 68/83 MP: 5/24
 13764 | D:6      | Killed Maggie
 14467 | D:10     | Bought a red potion for 28 gold pieces
 14629 | D:11     | Noticed a two-headed ogre
 15033 | D:11     | Killed a two-headed ogre
 15034 | D:11     | Reached skill level 10 in Summonings
 15487 | D:12     | Noticed a two-headed ogre
 15497 | D:12     | Slain by a two-headed ogre

Illustrated notes

Levels and vault maps discovered:
D:1:      amcnicky_arrival_underground_garden, layout_loops_ring,
          minmay_misc_feat_ornament, grunt_decor_mini_mirrors,
          minmay_misc_feat_five, chequers_serial_rivers_room_a,
          lexackson_kobold_supper
D:2:      layout_loops_ring, kennysheep_generic_room_16
D:3:      layout_basic
D:4:      layout_loops_ring, minmay_temple_entry_drinking_statues,
          roderic_roman_lattice
D:5:      minmay_thinvault, layout_cave_pools, uniq_eustachio,
          uniq_blork_the_orc, uniq_ijyb
D:6:      lemuel_ice_spiral_2, layout_basic, uniq_maggie, uniq_pikel
D:7:      layout_gridville, serial_shops, nicolae_shop_trees
D:8:      layout_basic, mainiacjoe_overflow_alcove_4,
          mainiacjoe_overflow_catwalk_spiral, enter_bailey_6
D:9:      nzn_winding_woodlands_medium [nzn_winding_woodlands_5x5_checkerboard,
          nzn_winding_woodlands_5x15_sidewinder,
          nzn_winding_woodlands_5x5_closed_star,
          nzn_winding_woodlands_5x5_default,
          nzn_winding_woodlands_center_diamonds,
          nzn_winding_woodlands_5x5_perimeter,
          nzn_winding_woodlands_5x5_default, nzn_winding_woodlands_5x15_zeroes,
          nzn_winding_woodlands_hourglass], layout_basic,
          mainiacjoe_overflow_six_doors_small
D:10:     hellmonk_paralyzer, layout_gridville, lair_entry_dummy,
          gammafunk_ghost_berserking_beasts, serial_shops,
          nicolae_shop_waterfront
D:11:     layout_irregular_city, serial_column_ruins, column_ruins_hut,
          column_ruins_open_tiny, column_ruins_open_tiny,
          column_ruins_corridor_water, column_ruins_columns_straight,
          column_ruins_grid_3, column_ruins_grid_1
D:12:     layout_irregular_city, erik_orc_1, nicolae_elyvilon_peaceful_grove,
          uniq_snorg
Temple:   eino_narrow_crystal_temple

Skill      XL: |  1  2  3  4  5  6  7  8  9 10 11 12 |
---------------+-------------------------------------+-----
Stealth        | 3 |  3.0
Dodging        | 3 4 5 7 8 9 |  9.5
Spellcasting   | 3 4 5 6 7 8 |  8.7
Summonings     | 5 6 7 8 9 10 | 10.1
Fighting       | 1 2 4 5 6 8 |  8.5
Shields        | 1 3 4 6 7 8 |  8.0

Action                     |  1- 3 |  4- 6 |  7- 9 | 10-12 || total
---------------------------+-------+-------+-------+-------++-------
  Melee: Whip              |     6 |     7 |       |       ||    13
         Unarmed           |     2 |       |       |       ||     2
         Constrict         |     2 |    11 |     2 |    13 ||    28
         Tentacles         |     1 |     9 |     1 |    13 ||    24
         Short sword       |       |    24 |    16 |    54 ||    94
         Punch             |       |       |       |     1 ||     1
   Cast: Summon Small Mamm |    63 |    16 |     8 |     1 ||    88
         Call Imp          |    26 |    28 |    10 |     6 ||    70
         Call Canine Famil |       |    17 |    35 |    37 ||    89
         Summon Guardian G |       |     3 |    31 |    29 ||    63
         Summon Lightning  |       |       |     4 |    50 ||    54
         Summon Ice Beast  |       |       |       |    58 ||    58
  Evoke: Wand              |       |       |     2 |       ||     2
    Use: Potion            |     1 |     1 |     3 |       ||     5
         Scroll            |       |       |     5 |     4 ||     9
   Stab: Sleeping          |       |     2 |       |       ||     2
         Distracted        |       |     1 |     1 |     3 ||     5
 Armour: Skin              |     9 |     7 |     3 |     2 ||    21
  Dodge: Dodged            |    63 |    44 |    36 |    76 ||   219

Table legend: (Time is in decaauts)
 A = Elapsed time spent in this place.
 B = Non-inter-level travel time spent in this place.
 C = Inter-level travel time spent in this place.
 D = Time resting spent in this place.
 E = Time spent auto-exploring this place.
 F = Levels seen in this place.
 G = Mean time per level.
                   A        B        C        D        E       F      G
               +--------+--------+--------+--------+--------+-----+--------+
         Total |  15525 |  14710 |    815 |   2407 |   9332 |  14 | 1108.9 |
       Dungeon |  14554 |  13777 |    777 |   2122 |   8916 |  12 | 1212.8 |
        Temple |    243 |    206 |     37 |      0 |    195 |   1 |  243.0 |
        Bailey |    726 |    726 |      0 |    285 |    221 |   1 |  726.0 |
               +--------+--------+--------+--------+--------+-----+--------+

Top non-repeatable levels by time:
     D:6: 1711 daAuts
     D:9: 1666 daAuts
     D:3: 1630 daAuts
     D:1: 1571 daAuts
    D:10: 1528 daAuts
     D:5: 1495 daAuts
     D:4: 1333 daAuts
     D:2: 916 daAuts
    D:11: 885 daAuts
     D:8: 858 daAuts
     D:7: 826 daAuts
  Bailey: 726 daAuts
  Temple: 243 daAuts
    D:12: 130 daAuts
